 Dungeon Crawl Stone Soup version 0.19.1 (webtiles) character file.

47 CanadianGator the Ruffian (level 3, 0/28 HPs)
             Began as a Minotaur Transmuter on Dec 1, 2016.
             Succumbed to an adder's poison
             ... on level 2 of the Dungeon.
             The game lasted 00:02:47 (864 turns).

CanadianGator the Ruffian (Minotaur Transmuter)      Turns: 864, Time: 00:02:47

Health: 0/28       AC:  4    Str: 19    XL:     3   Next: 48%
Magic:  4/4        EV: 12    Int: 10    God:
Gold:   56         SH:  0    Dex: 11    Spells: 1 memorised, 3 levels left

rFire  . . .     SeeInvis .       - Unarmed
rCold  . . .     Gourm    .     j - +1 leather armour
rNeg   . . .     Faith    .     (no shield)
rPois  .         Spirit   .     (helmet restricted)
rElec  .         Reflect  .     (no cloak)
rCorr  .         Harm     .     (no gloves)
MR     .....                    (no boots)
Stlth  +.........               (no amulet)
                                (no ring)
                                (no ring)

@: mighty, lethally poisoned (0 -> -2), very slightly contaminated, invisible
A: retaliatory headbutt, horns 2
a: no special abilities


You were on level 2 of the Dungeon.
You were not hungry.

You visited 1 branch of the dungeon, and saw 2 of its levels.

You collected 56 gold pieces.

Inventory:

Missiles
 a - 38 arrows
Armour
 b - a +0 robe
 j - a +1 leather armour (worn)
Scrolls
 f - 2 scrolls of enchant weapon
 g - 2 scrolls of recharging
Books
 c - a book of Changes

   Spells                             Type                      Level
   a - Beastly Appendage              Transmutation                1
   b - Sticks to Snakes               Transmutation                2
   c - Spider Form                    Transmutation/Poison         3
   d - Ice Form                       Ice/Transmutation            4
   e - Blade Hands                    Transmutation                5
Comestibles
 d - 2 bread rations
 i - a meat ration


   Skills:
 + Level 1.5 Fighting
 * Level 1.9 Armour
 + Level 2.3 Dodging
 * Level 3.7 Unarmed Combat
 - Level 1.3 Spellcasting
 * Level 2.2 Transmutations


You had 3 spell levels left.
You knew the following spells:

 Your Spells              Type           Power        Failure   Level  Hunger
a - Beastly Appendage     Tmut           #.....       17%         1    ##.....


Dungeon Overview and Level Annotations

Branches:
Dungeon (2/15)

Altars:


Innate Abilities, Weirdness & Mutations

You reflexively headbutt those who attack you in melee.
You have a pair of horns on your head.


Message History

As you read the scroll labeled ATTETI BOUNUE, it crumbles to dust.
It is a scroll of enchant armour.
Your +0 leather armour glows green for a moment.
You aren't carrying any potions.
As you read the scroll labeled IDOCEV XIXIEPS, it crumbles to dust.
The scroll dissolves into smoke.
It was a scroll of fog.
* * * LOW HITPOINT WARNING * * *
You feel sick.
As you read the scroll labeled MIELEMIUBY, it crumbles to dust.
You feel strangely unstable.
It was a scroll of teleportation.
You see here an adder corpse.
Your surroundings suddenly seem different.
* * * LOW HITPOINT WARNING * * *
You feel sick.
There is a lethal amount of poison in your body!
Things that are here:
a dagger; a kobold corpse
* * * LOW HITPOINT WARNING * * *
You feel sick.
You die...

##################
...........).....#
........#.######@#
########..# #.#
..........# ##.##
..#####...# ##...##
#.# #...####.....##
#.#
#.............#####
#.#
###†####...........
#.# #..#
##.........# #.#
#.## ##.######.#


There were no monsters in sight!

Vanquished Creatures
  An adder (D:2)
  2 leopard geckos
  A ball python (D:1)
  A giant cockroach (D:1)
  6 goblins
  4 hobgoblins
  2 jackals (D:1)
  6 bats
  4 frilled lizards
  7 kobolds
  A rat (D:1)
35 creatures vanquished.

Notes
Turn   | Place    | Note
-------+----------+-------------------------------------------
     0 | D:1      | CanadianGator the Minotaur Transmuter began the quest for the Orb.
     0 | D:1      | Reached XP level 1. HP: 16/16 MP: 1/1
   401 | D:1      | Reached XP level 2. HP: 21/23 MP: 3/3
   441 | D:1      | Reached skill level 1 in Armour
   752 | D:2      | Reached XP level 3. HP: 26/28 MP: 2/4
   860 | D:2      | HP: 1/28 [poisoned by an adder]
   864 | D:2      | Succumbed to an adder's poison

Skill      XL: |  1  2 |
---------------+-------+-----
Armour         | 1 |  1.9
Transmutations | 2 |  2.2
Fighting       | |  1.5
Dodging        | |  2.3
Unarmed Combat | |  3.7
Spellcasting   | |  1.3

Action                   || total
-------------------------++-------
Melee: Unarmed           ||    81
       Headbutt          ||     9
       Punch             ||     3
 Cast: Beastly Appendage ||     1
  Use: Scroll            ||     5
       Potion            ||     2
Armor: Robe              ||    34
       Leather armour    ||     6
Dodge: Dodged            ||    79
